 Dungeon Crawl Stone Soup version 0.24-a0-520-g8fd06ad (webtiles) character file.

Game seed: 17410125962404613930

59 Belboz the Ruffian (level 4, -2/40 HPs)
             Began as a Ghoul Monk on July 24, 2019.
             Slain by Crazy Yiuf
             ... wielding a +3 quarterstaff of chaos
              (11 damage)
             ... on level 2 of the Dungeon.
             The game lasted 00:03:26 (1233 turns).

Belboz the Ruffian (Ghoul Monk)                     Turns: 1233, Time: 00:03:27

Health: -2/40      AC:  2    Str: 15    XL:     4   Next: 3%
Magic:  3/3        EV: 13    Int:  5    God:
Gold:   53         SH:  0    Dex: 11    Spells: 3/3 levels left

rFire    . . .     SeeInvis .     - Unarmed
rCold    + . .     Gourm    .   (no shield)
rNeg     + + +     Faith    .   a - +0 robe
rPois    ∞         Spirit   .   (no helmet)
rElec    .         Reflect  .   (no cloak)
rCorr    .         Harm     .   (no gloves)
MR       .....                  (no boots)
Stlth    ++........             (no amulet)
HPRegen  0.00/turn              (no ring)
MPRegen  0.08/turn              (no ring)

@: rotting
A: rotting body, claws 1, carnivore, cold resistance 1, negative energy
resistance 3, inhibited regeneration, torment resistance, unbreathing
a: no special abilities


You were on level 2 of the Dungeon.
You were not hungry.

You visited 1 branch of the dungeon, and saw 2 of its levels.

You collected 53 gold pieces.

Inventory:

Missiles
 c - 52 poisoned darts (quivered)
 e - 108 stones
Armour
 a - a +0 robe (worn)
 h - a +0 pair of gloves
Scrolls
 d - 3 scrolls of identify {unknown}
 g - 2 scrolls of remove curse {unknown}
 i - 2 scrolls of teleportation {unknown}
Potions
 j - a potion of might
Comestibles
 b - 3 rations


   Skills:
 + Level 3.7 Fighting
 + Level 1.1 Throwing
 - Level 3.0 Dodging
 - Level 2.1 Stealth
 * Level 4.3 Unarmed Combat


You had 3 spell levels left.
You didn't know any spells.
Your spell library was empty.

Dungeon Overview and Level Annotations

Branches:
Dungeon (2/15)

Altars:

Annotations:
D:2 Crazy Yiuf


Innate Abilities, Weirdness & Mutations

Your body is rotting away.
You thrive on raw meat.
You are immune to poison.
You have sharp fingernails.
You are carnivorous and can eat meat at any time.
Your flesh is cold resistant. (rC+)
You are immune to negative energy. (rN+++)
You do not regenerate when monsters are visible.
You are immune to unholy pain and torment.
You can survive without breathing.


Message History

You throw a poisoned dart. The poisoned dart hits Crazy Yiuf.
Crazy Yiuf is poisoned.
Crazy Yiuf hits you with a +3 quarterstaff of chaos.
Crazy Yiuf freezes you.
You scratch Crazy Yiuf but do no damage.
Crazy Yiuf hits you with a +3 quarterstaff of chaos!
Crazy Yiuf freezes you.
You barely miss Crazy Yiuf.
Crazy Yiuf hits you with a +3 quarterstaff of chaos!
* * * LOW HITPOINT WARNING * * *
Crazy Yiuf burns you.
* * * LOW HITPOINT WARNING * * *
Crazy Yiuf looks more healthy.
All of the chunks of flesh in your inventory have rotted away.
Crazy Yiuf whimpers, "Shower!
Leather bag Hive."
Crazy Yiuf says, "Scoff!
Fire Hive rumpyflump."
You scratch Crazy Yiuf.
Crazy Yiuf is lightly wounded.
Crazy Yiuf hits you with a +3 quarterstaff of chaos!
You die...

.####.......####.#####.###..####
.####.........##.#####.###.....#
......####..#.##.##............#
.......##.....#...####..##.....#
..................# #.......>##
#.........(.......# ##.##.#..#
####.####.######..## #.##....###
+........)......<..# #.##.....#P
##.#.#.#####....@..# #.#........
#÷#.#.# #####.g.####.#........
#)#.#.# #....[.#.#...#..#P
#.#.#.# #######.#..#.#.#...#####
##.#.#.# #.......#..........#
...#...# #.#######....#.##..#
####.#####.#######....#.....#
...........#.......#..####.##
..........##.###.........#.#


You could see Crazy Yiuf.

Vanquished Creatures
  An adder (D:2)
  A worm (D:2)
  A dart slug (D:2)
  2 leopard geckos
  A ball python (D:2)
  3 giant cockroaches (D:1)
  6 goblins
  7 hobgoblins
  2 jackals (D:1)
  5 kobolds
  A quokka (D:2)
  6 bats
  A frilled lizard (D:2)
  2 rats (D:1)
  A fungus (D:2)
40 creatures vanquished.

Notes
Turn   | Place    | Note
-------+----------+-------------------------------------------
     0 | D:1      | Belboz the Ghoul Monk began the quest for the Orb.
     0 | D:1      | Reached XP level 1. HP: 19/19 MP: 0/0
   132 | D:1      | Reached XP level 2. HP: 7/25 MP: 1/1
   551 | D:1      | Reached XP level 3. HP: 28/31 MP: 2/2
   795 | D:2      | Reached skill level 4 in Unarmed Combat
   823 | D:2      | Reached skill level 1 in Throwing
   994 | D:2      | Reached XP level 4. HP: 24/40 MP: 3/3
  1202 | D:2      | Found a runed translucent door.
  1203 | D:2      | Noticed Crazy Yiuf
  1233 | D:2      | Slain by Crazy Yiuf

Levels and vault maps discovered:
D:1:      tarquinn_simple_flora_water_e, layout_rooms, minmay_pentomino_o4
D:2:      layout_basic, uniq_crazy_yiuf_cottage

Skill      XL: |  1  2  3 |
---------------+----------+-----
Dodging        | 3 |  3.0
Unarmed Combat | 4 |  4.3
Throwing       | 1 |  1.1
Fighting       | |  3.7
Stealth        | |  2.1

Action                   |  1- 3 |  4- 6 || total
-------------------------+-------+-------++-------
Melee: Unarmed           |   138 |     9 ||   147
       Punch             |     2 |       ||     2
Throw: Dart              |     2 |     2 ||     4
  Eat: Chunk             |    15 |     3 ||    18
Armor: Robe              |    34 |       ||    34
Dodge: Dodged            |    96 |     4 ||   100

Table legend:
 A = Non-vault XP
 B = Vault XP
 C = Vault XP percentage of total XP
 D = Non-vault monster count
 E = Vault monster count
 F = Vault count percentage of total count
                 A         B        C        D         E       F
            +---------+---------+-------+---------+---------+-------
      Total |      79 |       6 |   7.1 |      35 |       4 |  10.3
            +---------+---------+-------+---------+---------+-------
        D:1 |      35 |       6 |  14.6 |      20 |       4 |  16.7
        D:2 |      44 |       0 |   0.0 |      15 |       0 |   0.0
            +---------+---------+-------+---------+---------+-------
